AoeStats
← Navix de los Bosques de Lituania

Arabia

513467994Analyzed
1v1 RM · 5d ago on Oct 13, 2026· 63m 14s· 2 players
Game mode
Random Map
Map size
Tiny (2 player)
Population
200
Speed
Normal
Resources
Standard
Victory
Conquest
Starting age
Dark Age
Ending age
Imperial Age
RankedLock teamsTeams togetherTeam positionsShared explorationLock speedFull tech treeHidden civsTurbo modeCheats
Victory
Defeat
630
+11
vs
🇦🇷 Byzantines · Argentina
511
-11
Navix de los Bosques de Lituania
6:26 Loom
11:05 Feudal Age
12:10 Double-Bit Axe
14:29 Wheelbarrow
17:44 Scale Mail Armor
20:45 Padded Archer Armor
20:35 Fletching
21:04 Horse Collar
22:16 Arson
22:51 Forging
22:47 Scale Barding Armor
27:23 Castle Age
28:30 Chain Mail Armor
31:18 Pikeman
32:00 Squires
37:47 Imperial Age
35:51 Ballistics
35:14 Treadmill Crane
36:56 Chain Barding Armor
37:12 Iron Casting
36:33 Bodkin Arrow
37:45 Hand Cart
39:46 Chemistry
39:03 Stone Mining
39:14 Gold Mining
40:14 Capped Ram
42:57 Plate Barding Armor
43:08 Plate Mail Armor
42:14 Elite Skirmisher
47:58 Halberdier
61:08 Conscription
60:27 Siege Ram
62:07 Thumb Ring
PeJeLaGaRtO
6:57 Loom
11:38 Feudal Age
12:30 Double-Bit Axe
13:06 Horse Collar
16:46 Gold Mining
16:46 Stone Mining
20:57 Wheelbarrow
23:46 Castle Age
25:25 Hand Cart
24:53 Pikeman
26:31 Heavy Plow
26:43 Bow Saw
27:01 Squires
26:48 Gambesons
26:34 Elite Skirmisher
29:43 Thumb Ring
38:45 Imperial Age
38:11 Forging
38:08 Scale Barding Armor
42:10 Chemistry
44:28 Iron Casting
44:15 Chain Barding Armor
49:19 Stone Shaft Mining
49:20 Gold Shaft Mining
53:24 Ballistics
54:48 Cavalier
55:29 Husbandry
55:49 Scale Mail Armor
56:10 Halberdier
57:08 Paladin
Connection lost

Rejoining the realm…

Still unreachable

The connection could not be restored.

Session expired

The server has moved on; the page needs a fresh start.